Map: Zen LE

Players

antagomiR - Winner!

  • Race: Protoss Protoss
  • League: Gold
  • Spawn Location: 7:00

Alexander

  • Race: Protoss Protoss
  • League: Silver
  • Spawn Location: 1:00

VOD

Have the link to the VOD?

Description

Time

  • Played on: April 1, 2020, 7:48 p.m.
  • Length: 17:34
Show
View Real Time Build Order
Export as new Build Order

antagomiR Protoss - Winner!

Build Orders: Archon Immortal 

Get SALT Encoding   

  12  0:01  Probe  
  13  0:13  Probe  
  14  0:21  Pylon  
  14  0:25  Probe  
  15  0:39  Probe  
  15  0:40  Gateway  
  16  0:51  Probe  
  17  1:03  Probe  
  18  1:08  Assimilator  
  18  1:16  Assimilator  
  18  1:21  Probe  
  19  1:33  Probe  
  19  1:39  Cybernetics Core  
  20  1:44  Zealot  
  20  1:45  Probe  
  23  2:03  Pylon  
  23  2:12  Warp Gate (Chrono Boost)  
  23  2:18  Stalker (Chrono Boost)  
  23  2:21  Probe  
  26  2:27  Robotics Facility  
  26  2:33  Probe  
  27  2:42  Sentry  
  29  2:45  Probe  
  30  2:57  Nexus  
  30  3:09  Pylon  
  30  3:11  Probe  
  31  3:27  Observer, Stalker  
  31  3:33  Shield Battery  
  34  3:41  Forge  
  34  3:54  Twilight Council  
  34  3:58  Pylon  
  34  3:59  Probe  
  35  4:07  Protoss Ground Weapons Level 1 (Chrono Boost)  
  35  4:11  Probe  
  35  4:12  Pylon  
  36  4:29  Assimilator  
  36  4:32  Stalker  
  36  4:36  Assimilator  
  38  4:39  Photon Cannon  
  39  4:45  Observer  
  39  4:52  Gateway  
  39  5:04  Templar Archives  
  39  5:26  Immortal  
  43  5:28  Stalker  
  43  5:33  Probe x2  
  47  5:45  Probe  
  48  5:54  Gateway  
  48  5:55  Gateway  
  48  6:02  Sentry  
  50  6:04  Zealot  
  50  6:05  Observer  
  53  6:22  Charge (Chrono Boost)  
  53  6:27  Protoss Ground Weapons Level 2 (Chrono Boost)  
  53  6:28  Gateway x2  
  53  6:43  Zealot x2  
  61  6:54  Immortal  
  61  6:58  Probe  
  62  7:04  Probe  
  63  7:10  Probe  
  64  7:21  High Templar x3  
  70  7:29  Pylon  
  69  7:33  Pylon  
  69  7:36  Archon  
  69  7:38  Pylon  
  69  7:48  Immortal  
  73  7:55  High Templar  
  75  7:59  Archon  
  75  8:01  Probe x2  
  77  8:13  Probe x2  
  79  8:25  Probe x2, Zealot x2  
  79  8:27  High Templar x3  
  91  8:37  Probe x2  
  93  8:52  Archon  
  93  9:07  Probe  
  94  9:14  Pylon  
  94  9:16  Pylon, Nexus  
  94  9:19  Pylon x2  
  94  9:21  Pylon  
  94  9:32  Probe x2  
  92  9:44  Probe  
  83  9:49  Probe  
  82  9:55  Immortal  
  82  9:56  Probe  
  83  10:02  Probe  
  84  10:09  Probe  
  85  10:19  Probe  
  85  10:21  Probe  
  87  10:24  High Templar x2  
  87  10:25  High Templar  
  93  10:31  Probe  
  93  10:33  Probe x2  
  93  10:34  Immortal  
  100  10:43  Probe  
  100  10:45  Probe x2  
  103  10:55  Probe  
  99  10:57  Probe  
  94  11:11  Probe x3  
  95  11:13  Immortal  
  101  11:23  Probe x3  
  104  11:26  Shield Battery  
  104  11:27  Photon Cannon  
  104  11:29  Photon Cannon  
  104  11:34  Assimilator  
  104  11:35  Probe x2  
  104  11:36  Assimilator  
  104  11:39  Pylon  
  106  11:40  Gateway  
  106  11:44  Protoss Ground Weapons Level 3 (Chrono Boost), Blink  
  106  11:45  Gateway  
  106  11:49  Gateway  
  106  11:53  Immortal  
  110  11:58  Archon  
  110  12:03  Zealot x2  
  110  12:04  Zealot x4  
  122  12:32  Immortal, Zealot  
  122  12:33  Zealot x5  
  136  12:52  Pylon  
  108  13:11  Immortal  
  108  13:17  Stalker x3  
  108  13:18  Zealot x2  
  108  13:19  Zealot x4  
  126  13:36  Probe x3  
  126  13:38  Pylon  
  129  13:44  Gateway  
  129  13:45  Gateway  
  129  13:48  Probe x2  
  130  13:50  Immortal  
  130  13:51  Gateway  
  130  13:52  Zealot x5  
  130  13:53  Zealot x4  
  111  14:20  High Templar  
  111  14:21  High Templar x4  
  111  14:22  High Templar x4  
  129  14:30  Immortal  
  133  14:37  Archon x3  
  133  14:38  Archon  
  133  14:40  Pylon, Zealot  
  135  14:47  Probe x3  
  138  14:59  Probe  
  140  15:00  Probe x2  
  141  15:08  Zealot  
  141  15:09  Zealot x5  
  141  15:10  Protoss Ground Armor Level 1 (Chrono Boost), Zealot x3, Observer  
  141  15:11  Probe, Zealot x2  
  165  15:19  Nexus  
  165  15:20  Pylon  
  165  15:23  Pylon  
  157  15:31  Zealot x5  
  157  15:32  Zealot x4  
  157  15:33  Zealot x2  
  157  15:34  Zealot  
  167  15:40  Probe x3  
  170  16:12  Sentry x3  
  170  16:13  Sentry x3  
  182  16:26  Shield Battery  
  182  16:29  Photon Cannon  
  182  16:32  Photon Cannon  
  182  16:34  Dark Shrine  
  182  16:35  Assimilator  
  182  16:37  Assimilator  
  182  16:50  Zealot x5  
  182  16:51  Zealot x2  
  182  16:52  Zealot x2  
Show
View Real Time Build Order
Export as new Build Order

Alexander Protoss 

Build Orders: 1 Gate Expand 

Get SALT Encoding   

  12  0:02  Probe  
  13  0:14  Probe  
  14  0:20  Pylon  
  14  0:39  Gateway  
  14  0:49  Assimilator  
  14  1:11  Probe (Chrono Boost)  
  15  1:21  Probe (Chrono Boost)  
  16  1:25  Probe (Chrono Boost)  
  17  1:34  Nexus  
  17  1:36  Pylon  
  17  1:49  Zealot (Chrono Boost)  
  19  2:03  Gateway  
  19  2:19  Pylon  
  19  2:26  Cybernetics Core  
  19  2:27  Zealot (Chrono Boost)  
  21  2:46  Probe  
  21  2:49  Zealot  
  24  2:58  Probe  
  25  3:09  Zealot  
  25  3:10  Probe  
  28  3:16  Zealot  
  30  3:20  Assimilator  
  30  3:22  Pylon  
  30  3:23  Probe  
  31  3:28  Forge  
  31  3:34  Probe  
  31  3:35  Probe  
  31  3:38  Warp Gate (Chrono Boost)  
  33  3:48  Pylon  
  33  3:58  Probe x2  
  35  4:07  Stalker  
  37  4:10  Probe  
  38  4:19  Probe (Chrono Boost)  
  38  4:22  Probe (Chrono Boost)  
  40  4:30  Probe (Chrono Boost)  
  40  4:31  Protoss Ground Weapons Level 1 (Chrono Boost)  
  40  4:32  Stalker  
  40  4:37  Stalker  
  44  4:47  Probe x2  
  46  4:59  Probe, Photon Cannon  
  47  5:00  Assimilator  
  47  5:03  Zealot  
  49  5:12  Photon Cannon  
  49  5:25  Assimilator  
  49  5:26  Probe x2  
  51  5:35  Zealot  
  53  5:38  Probe x2, Zealot  
  57  5:47  Forge  
  57  5:50  Probe  
  57  5:51  Probe  
  59  5:57  Pylon  
  59  6:11  Zealot x2  
  61  6:17  Gateway  
  63  6:21  Gateway  
  63  6:22  Gateway  
  63  6:27  Pylon  
  63  6:39  Pylon  
  63  6:44  Protoss Ground Armor Level 1 (Chrono Boost)  
  63  6:47  Twilight Council  
  63  7:00  Pylon  
  63  7:03  Stalker x2  
  67  7:41  Probe x2  
  67  7:44  Nexus  
  69  7:46  Pylon  
  69  7:53  Probe x2, Zealot  
  69  7:54  Zealot x4  
  81  8:05  Protoss Ground Weapons Level 2 (Chrono Boost), Probe x2  
  83  8:15  Gateway  
  83  8:17  Probe x2  
  85  8:26  Gateway  
  85  8:29  Probe x2, Pylon  
  87  8:40  Photon Cannon  
  87  8:41  Probe  
  87  8:42  Photon Cannon  
  87  8:47  Probe, Pylon  
  89  8:49  Assimilator  
  89  8:54  Probe  
  90  8:59  Probe  
  91  9:06  Probe, Zealot x2  
  91  9:07  Zealot  
  98  9:10  Protoss Ground Armor Level 2 (Chrono Boost)  
  98  9:11  Probe  
  99  9:18  Probe, Charge (Chrono Boost)  
  99  9:23  Probe  
  101  9:26  Templar Archives  
  101  9:30  Probe, Gateway  
  102  9:32  Pylon  
  78  9:53  Zealot x5  
  78  9:54  Zealot x2  
  62  10:13  Zealot x2  
  62  10:14  Zealot x4  
  65  10:15  Zealot  
  62  10:25  Zealot  
  52  10:32  Photon Cannon, Zealot x2  
  52  10:33  Zealot x2  
  52  10:34  Photon Cannon, Zealot  
  61  10:44  Photon Cannon, Zealot  
  55  11:02  Zealot x2  
  55  11:03  Zealot x2  
  61  11:09  Zealot  
  63  11:16  Protoss Ground Weapons Level 3 (Chrono Boost)  
  63  11:24  Zealot  
  65  11:30  Probe  
  65  11:31  Probe  
  67  11:39  Stalker  
  69  11:42  Probe  
  69  11:43  Probe, High Templar x2  
  69  11:45  High Templar  
  77  11:49  High Templar  
  77  11:53  High Templar x2  
  83  12:00  Zealot  
  85  12:03  High Templar  
  87  12:11  Archon x2  
  87  12:12  Archon  
  87  12:18  High Templar  
  87  12:19  High Templar x2  
  87  12:21  High Templar  
  87  12:22  High Templar  
  97  12:27  Zealot  
  97  12:28  Zealot  
  101  12:34  Pylon  
  101  12:38  Pylon  
  101  12:46  Photon Cannon  
  91  13:11  Zealot  
  91  13:12  Zealot x5  
  99  13:13  Zealot  
  99  13:14  Zealot  
  105  13:21  Psionic Storm  
  105  13:27  Archon x2  
  105  13:28  Archon  
  105  13:34  Pylon  
  105  13:37  Pylon  
  105  13:41  Zealot  
  73  14:18  Zealot x2  
  73  14:19  Zealot x5  
  87  14:40  Zealot  
  87  14:41  Pylon, Zealot  
  87  14:42  Zealot  
  93  14:48  Probe x2 (Chrono Boost)  
  95  15:02  High Templar x4  
  95  15:03  High Templar  
  69  15:34  Archon x2  
  61  15:39  Zealot x4  
  61  15:40  Zealot x2  
  73  15:49  Zealot  
  75  15:51  Zealot  
  77  15:59  Zealot  
  79  16:13  Zealot  
  79  16:14  Zealot  
  79  16:15  Zealot  
  84  16:47  Zealot  
  84  16:48  Zealot x3  
  84  16:49  Zealot  
  84  16:51  Zealot  
  96  16:58  Zealot  
  74  17:11  Zealot x2  
Tags
 
Composition
Archon Immortal
Matchup
PvP
Replay Pack
20200422
Spawn Locations
Cross Positions
Add a new tag
Caveats
  • Supply blocks, unpowered buildings, or Contaminate may cause inaccurate times.
  • Supply counts are checked every 10 seconds.